 Dungeon Crawl Stone Soup version 0.19-a0-1051-gdb7e7f8 (webtiles) character file.

15249 HAL9000 the Carver (level 11, -1/102 HPs)
             Began as a Minotaur Fighter on Aug 1, 2016.
             Was a Follower of Ru.
             Slain by an unseen horror (7 damage)
             ... on level 12 of the Dungeon.
             The game lasted 00:25:55 (13194 turns).

HAL9000 the Carver (Minotaur Fighter)              Turns: 13194, Time: 00:25:55

Health: -1/102     AC: 10    Str: 21    XL:     11   Next: 99%
Magic:  10/10      EV:  9    Int:  5    God:    Ru [*.....]
Gold:   456        SH: 12    Dex: 13    Spells: 0 memorised, 10 levels left

rFire  . . .     SeeInvis .     a - +0 long sword
rCold  . . .     Gourm    .     b - +0 scale mail
rNeg   . . .     Faith    .     c - +0 shield
rPois  .         Spirit   .     (helmet restricted)
rElec  .         Dismiss  +     i - +0 cloak
rCorr  .         Reflect  .     (no gloves)
SustAt +         Harm     .     (no boots)
MR     .....                    x - amulet of dismissal
Stlth  ..........               t - ring of flight
                                q - ring of sustain attributes

@: about to teleport, drained, not resistant to hostile enchantments, extremely
unstealthy
A: retaliatory headbutt, horns 2, magic vulnerability 1
a: Sacrifice Artifice, Sacrifice Purity, Sacrifice Drink, Reject Sacrifices,
Renounce Religion, Evoke Flight


You were on level 12 of the Dungeon.
You worshipped Ru.
Ru was aware of your devotion.
You were hungry.

You visited 3 branches of the dungeon, and saw 15 of its levels.
You also visited: Ossuary.

You collected 576 gold pieces.
You spent 120 gold pieces at shops.

Inventory:

Hand Weapons
 a - a +0 long sword (weapon)
Missiles
 p - a throwing net (quivered)
Armour
 b - a +0 scale mail (worn)
 c - a +0 shield (worn)
 i - a +0 cloak (worn)
Jewellery
 q - a ring of sustain attributes (left hand)
 t - a ring of flight (right hand)
 x - an amulet of dismissal (around neck)
 y - an uncursed amulet of rage
Wands
 r - a wand of polymorph (4/24)
 A - a wand of flame (31/48)
 J - a wand of random effects (27/48)
 L - a wand of iceblast (4/15)
 N - a wand of digging (4/24)
 V - a wand of polymorph (10/24)
 W - a wand of iceblast (4/15)
 Y - a wand of enslavement (11/24)
Scrolls
 h - a scroll of recharging
 z - a scroll of silence {unknown}
 E - 6 scrolls of teleportation
 K - 3 scrolls of blinking
 O - 4 scrolls of remove curse
 Q - 3 scrolls of fear {unknown}
 R - 2 scrolls of immolation {unknown}
 T - a scroll of enchant armour {unknown}
 X - 3 scrolls of fog {unknown}
 Z - a scroll of enchant weapon {unknown}
Potions
 d - a potion of might
 l - 5 potions of flight
 s - 2 potions of cancellation
 u - 2 potions of lignification
 v - 2 potions of invisibility
 B - 4 potions of curing
 G - 2 potions of cure mutation
 H - 2 potions of agility
 I - a potion of ambrosia
 M - 3 potions of resistance
 P - a potion of brilliance
 S - a potion of haste
 U - a potion of magic
Books
 o - a book of Transfigurations

   Spells                             Type                      Level
   a - Irradiate                      Conjuration/Transmutation    5
   b - Statue Form                    Transmutation/Earth          6
   c - Hydra Form                     Transmutation                6
   d - Dragon Form                    Transmutation                7
 F - a book of the Tempests

   Spells                             Type                      Level
   a - Static Discharge               Conjuration/Air              3
   b - Lightning Bolt                 Conjuration/Air              5
   c - Fireball                       Conjuration/Fire             5
   d - Tornado                        Air                          9
   e - Shatter                        Earth                        9
Miscellaneous
 D - a phantom mirror
Comestibles
 f - 9 bread rations
 m - 5 meat rations
 n - 7 beef jerkies
 C - a slice of pizza


   Skills:
 + Level 11.2(10.8) Fighting
 - Level 14.0(13.5) Long Blades
 + Level 11.0(10.6) Armour
 + Level 11.4(10.9) Shields


You had 10 spell levels left.
You didn't know any spells.

Dungeon Overview and Level Annotations

Branches:
Dungeon (13/15)            Temple (1/1) D:6            Lair (1/6) D:11
    Orc (0/2) D:11
 Vaults: D:13-14

Altars:
Ashenzari
Cheibriados
Dithmenos
Elyvilon
Fedhas
Gozag
Hepliaklqana
Kikubaaqudgha
Makhleb
Nemelex Xobeh
Okawaru
Pakellas
Qazlal
Ru
Sif Muna
Trog
Uskayaw
Vehumet
Xom
Yredelemnul
Zin
The Shining One

Shops:
D:5 *   D:6 *   D:8 }   D:10 (   D:11 }


Innate Abilities, Weirdness & Mutations

You reflexively headbutt those who attack you in melee.
You have a pair of horns on your head.
You are slightly vulnerable to magic. (MR-)


Message History

You block something's attack. Something hits you!
* * * LOW HITPOINT WARNING * * *
Something completely misses you. You block the killer bee's attack.
Something hits you but does no damage. Something hits you but does no damage.
Something hits you.
* * * LOW HITPOINT WARNING * * *
Unknown command.
As you read the scroll of teleportation, it crumbles to dust.
You feel strangely unstable. Something hits you.
* * * LOW HITPOINT WARNING * * *
Something hits you but does no damage. Something hits you.
* * * LOW HITPOINT WARNING * * *
A troll comes into view.
There is an open door, spattered with blood here.
The troll shouts!
Something hits you.
* * * LOW HITPOINT WARNING * * *
Something hits you!
You die...

########## ##### ###........#
....# ##.'........#####
....###..#........y(..##
....##..##..T.....###..##########
....'..###...)..@.# ##........)((
....#### ###'###### ############
##### #.# #.# ##.# #..# ####### #
#.## #.....# # ####'### ###.....#
#### #......######.+.....# #..'


You could see a troll, a killer bee and an enchanted long sword.

Vanquished Creatures
  An unseen horror (D:12)
  A hill giant (D:12)
  A centaur zombie (D:10)
  Psyche (D:10)
  The ghost of HAL9000 the Slasher, an amateur MiFi of Ru (D:5)
  Grinder (D:4)
  2 wyverns (D:9)
  A wraith (D:12)
  17 yaks
  4 humans (D:10)
  A hungry ghost (D:7)
  2 hippogriffs
  3 vampire mosquitoes (D:12)
  Menkaure (Ossuary)
  Edmund (D:6)
  A water moccasin (D:5)
  5 sky beasts
  A black bear (D:7)
  4 orc warriors
  5 ice beasts
  A wasp (D:12)
  6 ogres
  4 phantoms
  8 centaurs
  A big kobold (D:9)
  A crocodile (D:11)
  11 giant frogs
  A wyvern skeleton (D:9)
  A water moccasin skeleton (D:4)
  4 scorpions
  25 killer bees
  14 wights
  4 howler monkeys
  3 crimson imps
  3 giant frog zombies
  7 hounds
  3 jellies
  12 orc wizards
  6 orc priests
  4 centaur skeletons
  4 giant frog skeletons
  3 iguanas
  Natasha (thrice) (D:4)
  Terence (D:2)
  8 worker ants
  A hound zombie (D:11)
  A hound skeleton (D:7)
  5 mummies
  A worker ant zombie (D:10)
  16 adders
  2 shadow imps
  3 oozes
  An adder skeleton (D:5)
  A worm (D:2)
  A dart slug (D:2)
  10 giant geckos
  28 orcs
  3 ball pythons
  2 giant cockroaches
  4 gnoll zombies (Ossuary)
  6 goblins
  4 hobgoblins
  14 jackals
  5 kobolds
  5 quokkas
  7 bats
  6 giant newts
  2 gnoll skeletons (Ossuary)
  5 goblin skeletons (Ossuary)
  2 hobgoblin skeletons (Ossuary)
  8 hobgoblin zombies (Ossuary)
  A kobold skeleton (Ossuary)
  A kobold zombie (Ossuary)
  5 orc skeletons (Ossuary)
  3 orc zombies (Ossuary)
  11 rats
  A rat skeleton (Ossuary)
  2 rat zombies (Ossuary)
359 creatures vanquished.

Vanquished Creatures (others)
  A killer bee (D:12)
  An orc (D:8)
  2 goblin skeletons (Ossuary)
  A goblin zombie (Ossuary)
  4 hobgoblin skeletons (Ossuary)
  2 hobgoblin zombies (Ossuary)
  2 orc skeletons (Ossuary)
  3 orc zombies (Ossuary)
  A rat skeleton (Ossuary)
  A rat zombie (Ossuary)
18 creatures vanquished.

Grand Total: 377 creatures vanquished

Notes
Turn   | Place    | Note
-------+----------+-------------------------------------------
     0 | D:1      | HAL9000 the Minotaur Fighter began the quest for the Orb.
     0 | D:1      | Reached XP level 1. HP: 19/19 MP: 0/0
   220 | D:1      | Reached XP level 2. HP: 27/27 MP: 1/1
   697 | D:2      | Found an ancient bone altar of Kikubaaqudgha.
   705 | D:2      | Reached skill level 3 in Long Blades
   762 | D:2      | Reached XP level 3. HP: 31/33 MP: 2/2
   880 | D:2      | Noticed Terence
   905 | D:2      | Killed Terence
   958 | D:2      | Reached XP level 4. HP: 40/40 MP: 3/3
   982 | D:2      | Found an iron altar of Okawaru.
  1351 | D:3      | Reached skill level 4 in Long Blades
  1650 | D:3      | Reached XP level 5. HP: 46/46 MP: 4/4
  2479 | D:4      | Noticed an ogre
  2491 | D:4      | Reached skill level 5 in Long Blades
  2498 | D:4      | Killed an ogre
  2498 | D:4      | Reached XP level 6. HP: 49/55 MP: 5/5
  2562 | D:4      | Reached skill level 5 in Fighting
  2562 | D:4      | Reached skill level 5 in Armour
  2562 | D:4      | Reached skill level 5 in Shields
  2627 | D:4      | Got a faintly glowing plate armour
  2638 | D:4      | Identified the cursed +0 plate armour of Relativism {-Cast -Tele +Inv Int+5} (You found it on level 4 of the Dungeon)
  2766 | D:4      | Noticed Natasha
  2783 | D:4      | Killed Natasha
  2931 | D:4      | Noticed Natasha
  2936 | D:4      | Killed Natasha
  2936 | D:4      | Reached skill level 6 in Long Blades
  2957 | D:4      | Noticed Grinder
  2959 | D:4      | Paralysed by Grinder for 4 turns
  2978 | D:4      | Noticed Natasha
  2985 | D:4      | Killed Natasha
  2996 | D:4      | Killed Grinder
  2996 | D:4      | Reached XP level 7. HP: 50/61 MP: 6/6
  3502 | D:5      | Entered Level 5 of the Dungeon
  3520 | D:5      | Reached skill level 7 in Long Blades
  3862 | D:5      | Reached XP level 8. HP: 55/70 MP: 7/7
  3997 | D:5      | Reached skill level 8 in Long Blades
  4024 | D:5      | Noticed HAL9000's ghost (amateur MiFi)
  4220 | D:5      | Killed HAL9000's ghost
  4311 | D:5      | Found Xosiexoneo's Assorted Antiques.
  4345 | D:5      | Bought a scroll of teleportation for 60 gold pieces
  4345 | D:5      | Bought a scroll of teleportation for 60 gold pieces
  4387 | D:5      | Reached skill level 9 in Long Blades
  4885 | D:6      | Found a staircase to the Ecumenical Temple.
  4903 | Temple   | Entered the Ecumenical Temple
  4939 | D:6      | Found Rutsysh's Assorted Antiques.
  5177 | D:6      | Reached XP level 9. HP: 79/79 MP: 8/8
  5329 | D:6      | Noticed Edmund
  5351 | D:6      | Killed Edmund
  5478 | D:6      | Found a burning altar of Makhleb.
  5515 | D:6      | Found a sand-covered staircase.
  5520 | Ossuary  | Entered an ossuary
  5774 | Ossuary  | Noticed Menkaure
  5781 | Ossuary  | Killed Menkaure
  5936 | D:7      | Found a shattered altar of Ashenzari.
  5960 | D:7      | Reached skill level 10 in Long Blades
  6223 | D:7      | Found a sacrificial altar of Ru.
  6230 | D:7      | Became a worshipper of Ru the Awakened
  7066 | D:7      | Reached skill level 11 in Long Blades
  7410 | D:8      | Found Mytsea's Gadget Emporium.
  7469 | D:8      | Found a hazy altar of Hepliaklqana.
  7537 | D:8      | Reached XP level 10. HP: 63/90 MP: 9/9
  8793 | D:9      | Noticed a hand axe
  8793 | D:9      | Noticed a hand axe
  8798 | D:9      | Found a hide-covered altar of Uskayaw.
  8822 | D:9      | Gained mutation: You are slightly vulnerable to magic. (MR-) [Ru sacrifice]
  8822 | D:9      | Reached * piety under Ru
  8954 | D:9      | Reached skill level 12 in Long Blades
  8987 | D:9      | Found a blossoming altar of Fedhas.
  9315 | D:10     | Entered Level 10 of the Dungeon
  9476 | D:10     | Noticed Psyche
  9488 | D:10     | Killed Psyche
  9897 | D:10     | Reached skill level 10 in Shields
 10036 | D:10     | Reached skill level 10 in Fighting
 10044 | D:10     | Reached XP level 11. HP: 32/99 MP: 10/10
 10657 | D:10     | Found Ymyod's Weapon Emporium.
 10963 | D:11     | Reached skill level 10 in Armour
 10966 | D:11     | Reached skill level 13 in Long Blades
 11073 | D:11     | Found a staircase to the Orcish Mines.
 11101 | D:11     | Found a staircase to the Lair.
 11215 | D:11     | Found Heequide's Gadget Shoppe.
 11751 | D:12     | Killed an unseen horror
 12110 | D:12     | Noticed a hill giant
 12126 | D:12     | Killed a hill giant
 12313 | D:12     | Reached skill level 14 in Long Blades
 13103 | Lair:1   | Entered Level 1 of the Lair of Beasts
 13154 | D:13     | Noticed an enchanted long sword
 13194 | D:12     | Slain by an unseen horror

Vault maps used:
D:1:      scummos_arrival_star
D:2:      old_standard_altar, okawaru_metal_pillars_1_2, uniq_terence
D:3:      first_bread
D:4:      hangedman_decor_points, kennysheep_pointless_box, grunt_ministairs_11,
          uniq_natasha, uniq_grinder
D:5:      serial_shops, kennysheep_little_box
D:6:      lightli_temple_of_fire, enter_ossuary_2, serial_shops,
          nicolae_shop_trees, uniq_edmund
D:7:      nicolae_ru_great_annihilating_truth, ashenzari_conservatory_becter
D:8:      lemuel_round_altar, serial_shops, nicolae_shop_waterfront
D:9:      marbit_many_paths, dancing_weapons_uskayaw
D:10:     serial_shops, shop, serial_undead, serial_undead_d, serial_undead_a,
          serial_undead_e, serial_undead_e, serial_undead_e, serial_undead_c,
          minmay_ruffians, uniq_psyche
D:11:     due_lair_maze_entry_diamond, orc_0_dummy, serial_shops, shop
D:12:     grunt_ogre_cave
D:13:     erik_vaults_1
Temple:   nicolae_temple_no_exploring_needed
Lair:1:   grunt_megastairs_3
Ossuary:  ossuary_due_pyramid

Skill      XL: |  1  2  3  4  5  6  7  8  9 10 11 |
---------------+----------------------------------+-----
Fighting       | 4 5 6 7 8 10 11 | 11.2
Long Blades    | 3 4 5 6 7 9 11 12 14 | 14.0
Shields        | 4 5 6 7 8 10 11 | 11.4
Armour         | 4 5 6 7 8 9 11 | 11.0

Action                   |  1- 3 |  4- 6 |  7- 9 | 10-12 || total
-------------------------+-------+-------+-------+-------++-------
Melee: Long sword        |    81 |   197 |   516 |   821 ||  1615
       Headbutt          |    13 |    26 |   108 |   187 ||   334
Invok: Sacrifice Essence |       |       |       |     1 ||     1
Evoke: Wand              |       |       |       |     1 ||     1
  Use: Scroll            |       |     5 |     6 |    13 ||    24
       Potion            |       |       |     1 |     2 ||     3
 Stab: Paralysed         |       |       |     2 |       ||     2
  Eat: Chunk             |       |     7 |    15 |    13 ||    35
       Royal jelly       |       |       |     1 |       ||     1
       Beef jerky        |       |       |       |     1 ||     1
       Meat ration       |       |       |       |     1 ||     1
Armor: Scale mail        |    26 |    67 |    85 |   210 ||   388
       Plate armour      |       |    17 |   108 |       ||   125
Dodge: Dodged            |    17 |    50 |    84 |   187 ||   338
Block: Shield            |    35 |    69 |   206 |   440 ||   750
